 Dungeon Crawl Stone Soup version 0.30-a0-364-gf6b3ef1049 (webtiles) character file.

Game seed: 16665615163520430060

301 Zonian the Ducker (level 6, -1/40 HPs)
             Began as a Djinni Ice Elementalist on Nov 16, 2022.
             Slain by Grinder (5 damage)
             ... on level 4 of the Dungeon.
             The game lasted 00:07:19 (3584 turns).

Zonian the Ducker (Djinni Ice Elementalist)         Turns: 3584, Time: 00:07:21

Health: -1/40      AC:  2    Str:  7    XL:     6   Next: 64%
Gold:   209        EV: 13    Int: 19    God:
                   SH:  0    Dex: 13

rFire   + . .      SeeInvis .    j - +2 dagger (venom)
rCold   . . .      Faith    .    (no shield)
rNeg    . . .      Spirit   .    a - +0 robe
rPois   ∞          Reflect  .    (no helmet)
rElec   .          Harm     .    (no cloak)
rCorr   .          Rampage  .    (no gloves)
Will    +....                    (boots unavailable)
Stlth   ++........               (no amulet)
HPRegen 0.26/turn                i - ring of willpower
MPRegen 0.00/turn                k - ring of ice

@: flying
A: sickness immunity, fire resistance 2, cold vulnerability 1, float, innate
caster, HP casting, extra vitality 1
a: no special abilities


You were on level 4 of the Dungeon.
You visited 1 branch of the dungeon, and saw 4 of its levels.

You collected 209 gold pieces.

Inventory:

Hand Weapons
 j - a +2 dagger of venom (weapon)
 l - a +0 rapier
 o - a +1 dagger of pain
 p - a +0 dagger of speed
 r - a +1 dagger of freezing
Missiles
 d - 2 poisoned darts
 q - 2 boomerangs
Armour
 a - a +0 robe (worn)
Jewellery
 e - a +6 ring of intelligence
 i - a ring of willpower (left hand)
 k - a ring of ice (right hand)
Potions
 c - a potion of haste {unknown}
 f - 2 potions of brilliance {unknown}
 g - a potion of attraction {unknown}
 h - a potion of lignification {unknown}
 m - a potion of might {unknown}


   Skills:
 + Level 4.4 Dodging
 + Level 3.6 Stealth
 + Level 4.2 Spellcasting


You couldn't memorise any spells.
You knew the following spells:

 Your Spells              Type           Power      Damage    Failure   Level
a - Freeze                Ice            100%       1d10      2%          1
b - Frozen Ramparts       Ice            60%        1d10      7%          3
c - Ozocubu's Armour      Ice            30%        N/A       7%          3
d - Summon Ice Beast      Ice/Summ       30%        N/A       24%         4
e - Summon Small Mammal   Summ           80%        N/A       2%          1
f - Wereblood             Tmut           20%        N/A       3%          2
Your spell library was empty.

Dungeon Overview and Level Annotations

Branches:
Dungeon (4/15)
 Temple: D:4-7

Altars:
Elyvilon
Fedhas

Annotations:
D:4 Grinder


Innate Abilities, Weirdness & Mutations

You are immune to sickness and miasma.
You are immune to poison.
Your flesh is very heat resistant. (rF++)
You are vulnerable to cold. (rC-)
You float through the air rather than walking.
You learn spells naturally, not from books.
Your magical power is your life essence.
You have superior vitality. (+4 MHP)


Message History

You hit Grinder but do no damage.
Grinder is poisoned.
Grinder is heavily wounded.
Grinder hits you.
You writhe in agony.
You barely miss Grinder.
Grinder is heavily wounded.
Grinder hits you!
You writhe in agony.
* * * LOW HITPOINT WARNING * * *
You are too injured to fight recklessly!
Unknown command.
You feel better. Grinder barely misses you.
Unknown command.
You hit Grinder.
Grinder is heavily wounded.
Grinder gestures at you. Pain shoots through your body!
You hit Grinder.
Grinder looks as sick as possible!
Grinder is severely wounded.
Grinder gestures at you. Pain shoots through your body!
Unknown command.
You barely miss Grinder.
Grinder is severely wounded.
Grinder hits you!
* * * LOW HITPOINT WARNING * * *
Unknown command.
You feel better. Grinder gestures at you. Pain shoots through your body!
* * * LOW HITPOINT WARNING * * *
Unknown command.
Casting: Freeze (safe; 2% risk of failure)
Confirm with . or Enter, or press ? or * to list all spells.
Okay, then.
Casting: Freeze (safe; 2% risk of failure)
Confirm with . or Enter, or press ? or * to list all spells.
* * * LOW HITPOINT WARNING * * *
Grinder hits you!
* * * LOW HITPOINT WARNING * * *
You writhe in agony.
You die...

..# ###.# #
#.....# #
#.#.#.# #.
#.#..# ####
#.###.#.###....
#.......r..#
###.#.5...##
#.###@..# #.#
##.## #.####.#
#......#
######.##
##...#### #
#.......+ +
##...#### #
###†##


You could see Grinder (very poisoned, ally target) and a friendly quokka
(summoned).

Vanquished Creatures
  A scorpion (D:4)
  Ijyb (D:4)
  An orc wizard (D:4)
  3 gnolls (D:2)
  9 adders
  2 worms (D:2)
  4 dart slugs
  5 orcs
  5 ball pythons
  2 endoplasms
  7 giant cockroaches
  4 goblins
  7 hobgoblins
  2 kobolds
  A quokka (D:1)
  6 bats
  A frilled lizard (D:3)
  5 rats
66 creatures vanquished.

Vanquished Creatures (collateral kills)
  A bat (D:2)
1 creature vanquished.

Vanquished Creatures (others)
  A plant (D:1)
1 creature vanquished.

Grand Total: 68 creatures vanquished

Notes
Turn   | Place    | Note
-------+----------+-------------------------------------------
     0 | D:1      | Zonian the Djinni Ice Elementalist began the quest for the
                  | Orb.
     0 | D:1      | Zonian set off with the following spells memorised: Freeze,
                  | Frozen Ramparts, Ozocubu's Armour, Summon Ice Beast.
     0 | D:1      | Reached XP level 1. HP: 15/15 MP: 0/0
   427 | D:1      | Reached XP level 2. HP: 6/21 MP: 0/0
   928 | D:2      | Reached XP level 3. HP: 23/25 MP: 0/0
   928 | D:2      | Learned a level 1 spell: Summon Small Mammal
  1444 | D:2      | Reached XP level 4. HP: 31/31 MP: 0/0
  2230 | D:2      | Reached XP level 5. HP: 35/35 MP: 0/0
  2230 | D:2      | Learned a level 2 spell: Wereblood
  2824 | D:3      | Found a white marble altar of Elyvilon.
  3213 | D:4      | Noticed Ijyb
  3236 | D:4      | Killed Ijyb
  3297 | D:4      | Found a blossoming altar of Fedhas.
  3337 | D:4      | Reached XP level 6. HP: 40/40 MP: 0/0
  3499 | D:4      | Noticed Grinder
  3584 | D:4      | Slain by Grinder

Illustrated notes

Levels and vault maps discovered:
D:1:      dpeg_arrival_more_subterranean_lakeside_camping, layout_basic,
          serial_bayou, serial_bayou_pond_d, serial_bayou_shore_b,
          serial_bayou_pond_e, serial_bayou_pond_d, minivault_11
D:2:      layout_loops_ring, chequers_avenue, minmay_misc_feat_tower
D:3:      layout_rooms, elyvilon_altar_3
D:4:      layout_loops_corners, nicolae_qazlal_general_emergency,
          nicolae_vehumet_altar_sigil, fedhas_altar_3, uniq_grinder, uniq_ijyb,
          uniq_edmund

Skill      XL: |  1  2  3  4  5 |
---------------+----------------+-----
Stealth        | 2 3 |  3.6
Dodging        | 3 4 |  4.4
Spellcasting   | 4 |  4.2

Action                   |  1- 3 |  4- 6 || total
-------------------------+-------+-------++-------
Melee: Dagger            |    28 |    53 ||    81
       Unarmed           |     3 |       ||     3
 Cast: Freeze            |    32 |    63 ||    95
       Summon Small Mamm |     2 |     5 ||     7
       Frozen Ramparts   |       |     2 ||     2
Evoke: Wand              |       |     1 ||     1
  Use: Scroll            |       |     4 ||     4
       Potion            |       |     3 ||     3
 Stab: Sleeping          |     1 |     2 ||     3
Armor: Robe              |     8 |    13 ||    21
Dodge: Dodged            |    37 |    59 ||    96

Table legend: (Time is in decaauts)
 A = Elapsed time spent in this place.
 B = Non-inter-level travel time spent in this place.
 C = Inter-level travel time spent in this place.
 D = Time resting spent in this place.
 E = Time spent auto-exploring this place.
 F = Levels seen in this place.
 G = Mean time per level.
                   A        B        C        D        E       F      G
               +--------+--------+--------+--------+--------+-----+--------+
         Total |   3583 |   3507 |     76 |    703 |   2087 |   4 |  895.8 |
       Dungeon |   3583 |   3507 |     76 |    703 |   2087 |   4 |  895.8 |
               +--------+--------+--------+--------+--------+-----+--------+

Top non-repeatable levels by time:
     D:1: 1361 daAuts
     D:2: 1264 daAuts
     D:3: 516 daAuts
     D:4: 441 daAuts
